CAL (WIN)
DAYTONA TORTUGAS @ TAMPA YANKEES
12/03/2047
 
TOP OF THE 1ST
Daytona Tortugas batting - Pitching for Tampa Yankees : RHP Tim Honaker
Pitching: RHP Tim Honaker
Batting: SHB Paul Sandoval 0-0: Bunted foul
0-1: Fly out, F9 (Flyball, 9LS, EV 91.9 MPH)
Batting: LHB Jeremy Robertson 0-0: Called Strike
0-1: Ball
1-1: Swinging Strike
1-2: Foul Ball, location: 2F
1-2: Ball
2-2: Ball
3-2: SINGLE (Groundball, 4D, EV 98.1 MPH)
Batting: LHB Chris Redhead 0-0: Foul Ball, location: 2F
0-1: Called Strike
0-2: Ball
1-2: Foul Ball, location: 2F
1-2: Fly out, F8 (Flyball, 78D, EV 100.0 MPH)
Batting: LHB Leo Gomez 0-0: Called Strike
0-1: Foul Ball, location: 2F
0-2: DOUBLE (Line Drive, 5D, EV 98.8 MPH)
Jeremy Robertson to third
Jeremy Robertson scores
Pitching: RHP Austin Trzcinski
Batting: LHB Jamie Spangenberg 0-0: Swinging Strike
0-1: 2-RUN HOME RUN (Flyball, 78XD, EV 109.4 MPH), Distance : 437 ft
Batting: RHB Danny Real 0-0: Ball
1-0: Ball
2-0: Foul Ball, location: 2F
2-1: Ball
3-1: Foul Ball, location: 2F
3-2: Strikes out looking
Top of the 1st over - 3 runs, 3 hits, 0 errors, 0 left on base; Daytona 3 - Tampa 0
BOTTOM OF THE 1ST
Tampa Yankees batting - Pitching for Daytona Tortugas : LHP Omar Guardado
Pitching: LHP Omar Guardado
Batting: RHB Jonathan Iniguez 0-0: SINGLE (Flyball, 34D, EV 90.6 MPH)
Batting: LHB Justin O'Neal 0-0: Swinging Strike
0-1: Ball
1-1: Ball
Jonathan Iniguez steals 2nd base
2-1: Swinging Strike
2-2: Strikes out swinging
Batting: RHB Bryan Westray 0-0: Foul Ball, location: 2F
0-1: Ball
Jonathan Iniguez is caught stealing 3rd base 2-5
1-1: Called Strike
1-2: Fly out, F8 (Flyball, 89M, EV 96.2 MPH)
Bottom of the 1st over - 0 runs, 1 hit, 0 errors, 0 left on base; Daytona 3 - Tampa 0
TOP OF THE 2ND
Daytona Tortugas batting - Pitching for Tampa Yankees : RHP Austin Trzcinski
Batting: SHB Jaivata Mohanty 0-0: Ground out 6-3 (Groundball, 6, EV 85.0 MPH)
Batting: RHB Sang-ton Pak 0-0: Ground out 1-3 (Groundball, 13, EV 74.4 MPH)
Batting: RHB John Hopkins 0-0: Ball
1-0: Swinging Strike
1-1: Ball
2-1: Foul Ball, location: 2F
2-2: Ball
3-2: Strikes out swinging
Top of the 2nd over - 0 runs, 0 hits, 0 errors, 0 left on base; Daytona 3 - Tampa 0
BOTTOM OF THE 2ND
Tampa Yankees batting - Pitching for Daytona Tortugas : LHP Omar Guardado
Batting: RHB Alfredo Rodriguez 0-0: Called Strike
0-1: Ball
1-1: Swinging Strike
1-2: Foul Ball, location: 2F
1-2: Foul Ball, location: 2F
1-2: Ball
2-2: Ball
3-2: Foul Ball, location: 2F
3-2: Foul Ball, location: 2F
3-2: Fly out, F8 (Flyball, 8RXD, EV 95.0 MPH)
Batting: LHB Jared Zulkowski 0-0: Called Strike
0-1: Ball
1-1: Ground out 6-3 (Groundball, 6, EV 97.5 MPH)
Batting: RHB Bill Nguyen-Tan 0-0: Ball
1-0: Called Strike
1-1: Ground out 5-3 (Groundball, 56S, EV 82.5 MPH)
Bottom of the 2nd over - 0 runs, 0 hits, 0 errors, 0 left on base; Daytona 3 - Tampa 0
TOP OF THE 3RD
Daytona Tortugas batting - Pitching for Tampa Yankees : RHP Austin Trzcinski
Batting: SHB Paul Sandoval 0-0: SINGLE (Groundball, 4MS, EV 70.0 MPH) (infield hit)
Batting: LHB Jeremy Robertson 0-0: Called Strike
0-1: Called Strike
0-2: Ball
1-2: Ball
2-2: Ball
3-2: Base on Balls
Paul Sandoval to second
Batting: LHB Chris Redhead 0-0: Called Strike
0-1: Foul Ball, location: 2F
0-2: Foul Ball, location: 2F
0-2: Fielders Choice at 2nd, 3-6 (Groundball, 13, EV 88.1 MPH)
Paul Sandoval to third
Batting: LHB Leo Gomez 0-0: Foul Ball, location: 2F
0-1: Ball
1-1: Swinging Strike
1-2: Ball
2-2: Ball
3-2: Base on Balls
Chris Redhead to second
Batting: LHB Jamie Spangenberg 0-0: Called Strike
0-1: Ball
1-1: Ball
2-1: Foul Ball, location: 2F
2-2: Ball
3-2: SINGLE (Line Drive, 34, EV 100.6 MPH)
Paul Sandoval scores
Chris Redhead to third
Leo Gomez to second
Batting: RHB Danny Real 0-0: Grounds into double play, 5-4-3 (Groundball, 56S, EV 95.0 MPH)
Top of the 3rd over - 1 run, 2 hits, 0 errors, 2 left on base; Daytona 4 - Tampa 0
BOTTOM OF THE 3RD
Tampa Yankees batting - Pitching for Daytona Tortugas : LHP Omar Guardado
Batting: LHB Marc Durgin 0-0: Called Strike
0-1: Swinging Strike
0-2: Ball
1-2: Ball
2-2: Foul Ball, location: 2F
2-2: Ball
3-2: Base on Balls
Batting: SHB Houston Phillips 0-0: Ball
1-0: Ball
2-0: Foul Ball, location: 2F
2-1: Ball
3-1: Base on Balls
Marc Durgin to second
Batting: RHB Louwe Starmans 0-0: Ball
1-0: Called Strike
1-1: Foul Ball, location: 2F
1-2: Strikes out swinging
Batting: RHB Jonathan Iniguez 0-0: Ball
1-0: Ball
2-0: Ball
3-0: Called Strike
3-1: Base on Balls
Marc Durgin to third
Houston Phillips to second
Batting: LHB Justin O'Neal 0-0: Ball
1-0: Reached on error, E6 (Groundball, 56D, EV 90.6 MPH)
Marc Durgin scores
Houston Phillips to third
Jonathan Iniguez to second
Batting: RHB Bryan Westray 0-0: DOUBLE (Flyball, 78D, EV 100.0 MPH)
Houston Phillips scores
Jonathan Iniguez scores
Justin O'Neal to third
Batting: RHB Alfredo Rodriguez 0-0: Ball
1-0: Ball
2-0: Foul Ball, location: 2F
2-1: Foul Ball, location: 2F
2-2: Strikes out looking
Batting: LHB Jared Zulkowski 0-0: Ball
1-0: Called Strike
1-1: Foul Ball, location: 2F
1-2: Foul Ball, location: 2F
1-2: Strikes out looking
Bottom of the 3rd over - 3 runs, 1 hit, 1 error, 2 left on base; Daytona 4 - Tampa 3
TOP OF THE 4TH
Daytona Tortugas batting - Pitching for Tampa Yankees : RHP Austin Trzcinski
Batting: SHB Jaivata Mohanty 0-0: Called Strike
0-1: Called Strike
0-2: Foul Ball, location: 2F
0-2: Ball
1-2: Foul Ball, location: 2F
1-2: Ball
2-2: Ball
3-2: Ground out 4-3 (Groundball, 4M, EV 106.9 MPH)
Batting: RHB Sang-ton Pak 0-0: Ball
1-0: Called Strike
1-1: Foul Ball, location: 2F
1-2: Ground out 4-3 (Groundball, 4M, EV 111.2 MPH)
Batting: RHB John Hopkins 0-0: Foul Ball, location: 2F
0-1: Ball
1-1: Ball
2-1: Foul Ball, location: 2F
2-2: Ball
3-2: Strikes out swinging
Top of the 4th over - 0 runs, 0 hits, 0 errors, 0 left on base; Daytona 4 - Tampa 3
BOTTOM OF THE 4TH
Tampa Yankees batting - Pitching for Daytona Tortugas : LHP Omar Guardado
Batting: RHB Bill Nguyen-Tan 0-0: Called Strike
0-1: Ball
1-1: Ball
2-1: Foul Ball, location: 2F
2-2: Foul Ball, location: 2F
2-2: Ground out 6-3 (Groundball, 6M, EV 86.2 MPH)
Batting: LHB Marc Durgin 0-0: Ball
1-0: Ball
2-0: Foul Ball, location: 2F
2-1: Ball
3-1: Called Strike
3-2: SINGLE (Groundball, 15S, EV 71.2 MPH) (infield hit)
Batting: SHB Houston Phillips 0-0: Swinging Strike
0-1: Foul Ball, location: 2F
0-2: Ball
1-2: Strikes out swinging
Batting: RHB Louwe Starmans 0-0: Foul Ball, location: 2F
0-1: Called Strike
Marc Durgin is caught stealing 2nd base 2-4
Bottom of the 4th over - 0 runs, 1 hit, 0 errors, 0 left on base; Daytona 4 - Tampa 3
TOP OF THE 5TH
Daytona Tortugas batting - Pitching for Tampa Yankees : RHP Austin Trzcinski
Batting: SHB Paul Sandoval 0-0: Called Strike
0-1: Ball
1-1: Ball
2-1: Fly out, F4 (Popup, 34, EV 57.5 MPH)
Batting: LHB Jeremy Robertson 0-0: Ground out 6-3 (Groundball, 6, EV 87.5 MPH)
Batting: LHB Chris Redhead 0-0: Ball
1-0: Ball
2-0: Called Strike
2-1: Ball
3-1: Called Strike
3-2: Base on Balls
Batting: LHB Leo Gomez 0-0: Ball
1-0: Ball
2-0: Called Strike
2-1: Ball
Wild Pitch!
Chris Redhead to second
3-1: Foul Ball, location: 2F
3-2: SINGLE (Groundball, 34S, EV 61.2 MPH) (infield hit)
Chris Redhead to third
Pitching: RHP Michel van Kampen
Batting: LHB Jamie Spangenberg 0-0: Ball
Leo Gomez is caught stealing 2nd base 2-6
Top of the 5th over - 0 runs, 1 hit, 0 errors, 1 left on base; Daytona 4 - Tampa 3
BOTTOM OF THE 5TH
Tampa Yankees batting - Pitching for Daytona Tortugas : LHP Omar Guardado
Batting: RHB Louwe Starmans 0-0: Ball
1-0: Fly out, F9 (Flyball, 9S, EV 75.0 MPH)
Batting: RHB Jonathan Iniguez 0-0: Ball
1-0: Called Strike
1-1: Swinging Strike
1-2: Foul Ball, location: 2F
1-2: Strikes out swinging
Batting: LHB Justin O'Neal 0-0: SINGLE (Line Drive, 56, EV 102.5 MPH)
Batting: RHB Bryan Westray 0-0: Called Strike
0-1: Ball
1-1: Foul Ball, location: 2F
1-2: Foul Ball, location: 2F
1-2: Ball
2-2: Ball
3-2: Foul Ball, location: 2F
3-2: Foul Ball, location: 2F
3-2: Fly out, F9 (Flyball, 9S, EV 86.9 MPH)
Bottom of the 5th over - 0 runs, 1 hit, 0 errors, 1 left on base; Daytona 4 - Tampa 3
TOP OF THE 6TH
Daytona Tortugas batting - Pitching for Tampa Yankees : RHP Michel van Kampen
Batting: LHB Jamie Spangenberg 0-0: Foul Ball, location: 2F
0-1: Foul Ball, location: 2F
0-2: Ball
1-2: Strikes out swinging
Batting: RHB Danny Real 0-0: Swinging Strike
0-1: Swinging Strike
0-2: Ball
1-2: Ball
2-2: Ball
3-2: Strikes out looking
Batting: SHB Jaivata Mohanty 0-0: Ball
1-0: Foul Ball, location: 2F
1-1: Ball
2-1: Ball
3-1: Fly out, F7 (Flyball, 7LSF, EV 91.2 MPH)
Top of the 6th over - 0 runs, 0 hits, 0 errors, 0 left on base; Daytona 4 - Tampa 3
BOTTOM OF THE 6TH
Tampa Yankees batting - Pitching for Daytona Tortugas : LHP Omar Guardado
Pitching: LHP Brian Whittall
Batting: RHB Alfredo Rodriguez 0-0: Ball
1-0: Ball
2-0: Ball
3-0: Called Strike
3-1: Swinging Strike
3-2: SINGLE (Groundball, 56D, EV 112.5 MPH)
Batting: LHB Jared Zulkowski 0-0: Ball
1-0: Foul Ball, location: 2F
1-1: Ball
2-1: Swinging Strike
2-2: Strikes out swinging
Batting: RHB Bill Nguyen-Tan 0-0: Called Strike
0-1: Foul Ball, location: 2F
0-2: Ball
1-2: Ball
2-2: Ball
3-2: Base on Balls
Alfredo Rodriguez to second
Pinch Hitting: RHB Iften Olujimi 0-0: Ball
1-0: Called Strike
1-1: Foul Ball, location: 2F
1-2: DOUBLE (Flyball, 8LXD, EV 100.0 MPH)
Alfredo Rodriguez scores
Bill Nguyen-Tan to third
Runner from 3rd tries for Home, SAFE, throw by CF to home
Batting: SHB Houston Phillips 0-0: Intentional Walk
Batting: RHB Louwe Starmans 0-0: Ball
1-0: Ball
2-0: Grounds into double play, 6-4-3 (Groundball, 6, EV 82.5 MPH)
Bottom of the 6th over - 2 runs, 2 hits, 0 errors, 1 left on base; Daytona 4 - Tampa 5
TOP OF THE 7TH
Daytona Tortugas batting - Pitching for Tampa Yankees : RHP Michel van Kampen
Now in LF: John Sprenkel
Batting: RHB Sang-ton Pak 0-0: Called Strike
0-1: Called Strike
0-2: Ball
1-2: Strikes out swinging
Pinch Hitting: SHB Freddie Farrar 0-0: Called Strike
0-1: Foul Ball, location: 2F
0-2: Ball
1-2: Foul Ball, location: 2F
1-2: Ball
2-2: Ground out 6-3 (Groundball, 6, EV 84.4 MPH)
Batting: SHB Paul Sandoval 0-0: Ball
1-0: Hit by Pitch
Batting: LHB Jeremy Robertson
Pitching: LHP Ferrie Werkhoven
Pinch Hitting: RHB Juan Zamora 0-0: Ball
1-0: Ball
2-0: Ball
3-0: Called Strike
3-1: Foul Ball, location: 2F
3-2: Foul Ball, location: 2F
3-2: Base on Balls
Paul Sandoval to second
Pinch Hitting: RHB Jon Marquez 0-0: Called Strike
0-1: Ball
1-1: SINGLE (Groundball, 6MD, EV 99.4 MPH)
Paul Sandoval to third
Juan Zamora to second
Runner from 3rd tries for Home, SAFE, throw by CF to home
Batting: LHB Leo Gomez 0-0: Ball
1-0: Ball
Wild Pitch!
Juan Zamora to third
Jon Marquez to second
2-0: Called Strike
2-1: Ball
3-1: Base on Balls
Batting: RHB Pedro Pinero 0-0: Ball
1-0: Called Strike
1-1: Foul Ball, location: 2F
1-2: Fielders Choice at 2nd, 5-4 (Groundball, 56, EV 79.4 MPH)
Top of the 7th over - 1 run, 1 hit, 0 errors, 3 left on base; Daytona 5 - Tampa 5
BOTTOM OF THE 7TH
Tampa Yankees batting - Pitching for Daytona Tortugas : LHP Brian Whittall
Now at 2B: Freddie Farrar
Now at SS: Juan Zamora
Now in LF: Jon Marquez
Batting: RHB Jonathan Iniguez 0-0: Ball
1-0: Called Strike
1-1: Ball
2-1: DOUBLE (Flyball, 8LXD, EV 98.1 MPH)
Batting: LHB Justin O'Neal 0-0: Ball
1-0: Ground out 4-3 (Groundball, 34D, EV 103.8 MPH)
Jonathan Iniguez to third
Pitching: RHP Nick Miller
Batting: RHB Bryan Westray 0-0: Ball
1-0: Ball
2-0: Ball
Wild Pitch!
Jonathan Iniguez scores
3-0: Called Strike
3-1: Ground out 6-3 (Groundball, 6, EV 106.2 MPH)
Batting: RHB Alfredo Rodriguez 0-0: Fly out, F9 (Flyball, 9S, EV 83.8 MPH)
Bottom of the 7th over - 1 run, 1 hit, 0 errors, 0 left on base; Daytona 5 - Tampa 6
TOP OF THE 8TH
Daytona Tortugas batting - Pitching for Tampa Yankees : LHP Ferrie Werkhoven
Batting: RHB Danny Real 0-0: Swinging Strike
0-1: Fly out, F4 (Line Drive, 4, EV 71.2 MPH)
Batting: SHB Jaivata Mohanty 0-0: Ball
1-0: Foul Ball, location: 2F
1-1: Ball
2-1: Fly out, F9 (Flyball, 9LSF, EV 92.5 MPH)
Batting: RHB Sang-ton Pak 0-0: Ball
1-0: Foul Ball, location: 2F
1-1: Foul Ball, location: 2F
1-2: Ball
2-2: Foul Ball, location: 2F
2-2: Ball
3-2: Strikes out looking
Top of the 8th over - 0 runs, 0 hits, 0 errors, 0 left on base; Daytona 5 - Tampa 6
BOTTOM OF THE 8TH
Tampa Yankees batting - Pitching for Daytona Tortugas : RHP Nick Miller
Batting: LHB Jared Zulkowski 0-0: Foul Ball, location: 2F
0-1: Ball
1-1: Called Strike
1-2: Ball
2-2: Foul Ball, location: 2F
2-2: Ball
3-2: Foul Ball, location: 2F
3-2: Reached on error, E4 (Groundball, 4M, EV 81.2 MPH)
Batting: RHB Bill Nguyen-Tan 0-0: Intentional Walk
Pinch Runner at 2nd Lorenzo Vasquez:
Batting: RHB John Sprenkel 0-0: Ball
1-0: Ball
2-0: Ball
3-0: Base on Balls
Lorenzo Vasquez to third
Bill Nguyen-Tan to second
Batting: SHB Houston Phillips 0-0: Ball
1-0: Ball
2-0: Ball
3-0: Base on Balls
Lorenzo Vasquez scores
Bill Nguyen-Tan to third
John Sprenkel to second
Batting: RHB Louwe Starmans 0-0: Called Strike
0-1: Called Strike
0-2: Ball
1-2: Strikes out swinging
Batting: RHB Jonathan Iniguez 0-0: Called Strike
0-1: Ball
1-1: Ball
2-1: Foul Ball, location: 2F
2-2: Strikes out swinging
Batting: LHB Justin O'Neal 0-0: Called Strike
0-1: Ball
1-1: Ball
2-1: Foul Ball, location: 2F
2-2: Foul Ball, location: 2F
2-2: Ball
3-2: Foul Ball, location: 2F
3-2: DOUBLE (Line Drive, 7LS, EV 111.2 MPH)
Bill Nguyen-Tan scores
John Sprenkel scores
Houston Phillips to third
Houston Phillips scores
Pitching: LHP Davy Thorne
Batting: RHB Bryan Westray 0-0: Foul Ball, location: 2F
0-1: Foul Ball, location: 2F
0-2: Strikes out swinging
Bottom of the 8th over - 4 runs, 1 hit, 1 error, 1 left on base; Daytona 5 - Tampa 10
TOP OF THE 9TH
Daytona Tortugas batting - Pitching for Tampa Yankees : LHP Ferrie Werkhoven
Batting: SHB Freddie Farrar 0-0: Ball
1-0: Called Strike
1-1: Swinging Strike
1-2: Ball
2-2: Strikes out swinging
Pitching: RHP Pat Stone
Batting: SHB Paul Sandoval 0-0: Ground out 4-3 (Groundball, 4, EV 82.5 MPH)
Batting: RHB Juan Zamora 0-0: Ball
1-0: Foul Ball, location: 2F
1-1: Fly out, F6 (Flyball, 56D, EV 91.9 MPH)
Top of the 9th over - 0 runs, 0 hits, 0 errors, 0 left on base; Daytona 5 - Tampa 10
Thursday, December 15th , 2022 - OOTP Baseball 23.9 Build 102